 Dungeon Crawl Stone Soup version 0.24-a0-530-g18ba70b503 (webtiles) character file.

Game seed: 3441311401786673811

79 Felnil the Skirmisher (level 4, -3/37 HPs)
             Began as a Mummy Fighter on Aug 8, 2019.
             Was an Initiate of Cheibriados.
             Killed by divine providence
             ... invoked by an orc priest
              (12 damage)
             ... on level 3 of the Dungeon.
             The game lasted 00:06:16 (2007 turns).

Felnil the Skirmisher (Mummy Fighter)               Turns: 2007, Time: 00:06:18

Health: -3/37      AC: 11    Str: 21    XL:     4   Next: 16%
Magic:  4/4        EV:  7    Int:  8    God:    Cheibriados [......]
Gold:   165        SH:  9    Dex: 12    Spells: 3/3 levels left

rFire    x . .     SeeInvis +   a - +1 war axe
rCold    + . .     Gourm    .   c - +0 shield
rNeg     + + +     Faith    .   b - +0 scale mail
rPois    ∞         Spirit   .   (no helmet)
rElec    .         Reflect  .   (no cloak)
rCorr    .         Harm     .   (no gloves)
MR       .....                  (no boots)
Stlth    ..........             (no amulet)
HPRegen  0.12/turn              g - +5 ring of protection
MPRegen  0.09/turn              k - ring of see invisible

@: very slow
A: no food or potions, fire vulnerability, cold resistance 1, negative energy
resistance 3, torment resistance, unbreathing
a: Bend Time, Renounce Religion


You were on level 3 of the Dungeon.
You worshipped Cheibriados.
Cheibriados was noncommittal.
You were not hungry.

You visited 1 branch of the dungeon, and saw 3 of its levels.

You collected 165 gold pieces.

Inventory:

Hand Weapons
 a - a +1 war axe (weapon)
Armour
 b - a +0 scale mail (worn)
 c - a +0 shield (worn)
Jewellery
 g - a +5 ring of protection (left hand)
 j - an uncursed ring of fire
 k - a ring of see invisible (right hand)
Wands
 l - a wand of enslavement (4)
Scrolls
 e - a scroll of amnesia
 f - a scroll of fear
 h - a scroll of teleportation
 i - a scroll of identify


   Skills:
 + Level 3.8 Fighting
 - Level 1.5 Axes
 + Level 3.1 Armour
 + Level 3.1 Shields


You had 3 spell levels left.
You didn't know any spells.
Your spell library was empty.

Dungeon Overview and Level Annotations

Branches:
Dungeon (3/15)

Altars:
Cheibriados
Dithmenos
The Shining One


Innate Abilities, Weirdness & Mutations

You do not eat or drink.
Your flesh is vulnerable to fire.
You are immune to poison.
Your flesh is cold resistant. (rC+)
You are immune to negative energy. (rN+++)
You are immune to unholy pain and torment.
You can survive without breathing.


Message History

The orc priest calls down the wrath of Beogh upon you.
Beogh smites you! The orc hits you but does no damage.
You block the orc's attack. The orc hits you but does no damage.
The orc priest mumbles some strange prayers to Beogh against you.
Beogh smites you!
* * * LOW HITPOINT WARNING * * *
You are too injured to fight recklessly!
You are too injured to fight recklessly!
You are too injured to fight recklessly!
You are too injured to fight recklessly!
You are too injured to fight recklessly!
You barely miss the orc. The orc hits you but does no damage.
You block the orc's attack.
You slash the orc!
You kill the orc!
Cheibriados appreciates the change of pace.
The orc hits you but does no damage.
The orc priest mumbles some strange prayers to Beogh against you.
Beogh smites you!
You die...

#.#.# #......#
.....
#<#.####......#
#..........
###.#.........#
#..........
#####.#.##......#
#..........
......#.####.#.##
#..........
#.#####.# #.#.#
#.......... #..#
#.# #.#.#
#.......o.. ##.#
#.#
#.#.#####o.........
#.# #.#
#.#..@ooo...# ##.##
#.#
#.#######..........
#...###.# #..
.......[#####
.....##.# ###
####.###.#
......#†# ... ..#
.._.....# ##.# ..#
......### ... .#
.....## #.# .#
#...##


You could see an orc priest and 3 orcs.

Vanquished Creatures
  3 adders
  2 worms (D:2)
  2 leopard geckos (D:1)
  An orc (D:3)
  3 bats
  5 goblins
  5 hobgoblins
  9 jackals
  A quokka (D:2)
  2 frilled lizards
  4 kobolds
  3 rats
40 creatures vanquished.

Notes
Turn   | Place    | Note
-------+----------+-------------------------------------------
     0 | D:1      | Felnil the Mummy Fighter began the quest for the Orb.
     0 | D:1      | Reached XP level 1. HP: 18/18 MP: 1/1
   173 | D:1      | Reached XP level 2. HP: 20/24 MP: 2/2
   709 | D:2      | Reached XP level 3. HP: 15/29 MP: 3/3
  1233 | D:2      | Found a shadowy altar of Dithmenos.
  1404 | D:2      | Found a snail-covered altar of Cheibriados.
  1415 | D:2      | Became a worshipper of Cheibriados the Contemplative
  1807 | D:3      | Reached XP level 4. HP: 31/37 MP: 4/4
  1916 | D:3      | Found a glowing golden altar of the Shining One.
  2007 | D:3      | Killed from afar by an orc priest

Levels and vault maps discovered:
D:1:      nicolae_arrival_memento_mori, layout_loops_cross
D:2:      layout_loops_cross, grunt_dithmenos_smoke, first_ration, minivault_23,
          cheibriados_altar_1
D:3:      layout_basic, lemuel_round_altar, minmay_bisected

Skill      XL: |  1  2  3 |
---------------+----------+-----
Armour         | 3 |  3.1
Shields        | 3 |  3.1
Fighting       | |  3.8
Axes           | |  1.5

Action                   |  1- 3 |  4- 6 || total
-------------------------+-------+-------++-------
Melee: War axe           |   145 |     3 ||   148
  Use: Scroll            |     5 |     2 ||     7
Armor: Scale mail        |    97 |     5 ||   102
Dodge: Dodged            |    82 |       ||    82
Block: Buckler           |    39 |       ||    39
       Shield            |       |     2 ||     2

Table legend:
 A = Non-vault XP
 B = Vault XP
 C = Vault XP percentage of total XP
 D = Non-vault monster count
 E = Vault monster count
 F = Vault count percentage of total count
                 A         B        C        D         E       F
            +---------+---------+-------+---------+---------+-------
      Total |     113 |       0 |   0.0 |      40 |       0 |   0.0
            +---------+---------+-------+---------+---------+-------
        D:1 |      25 |       0 |   0.0 |      13 |       0 |   0.0
        D:2 |      59 |       0 |   0.0 |      17 |       0 |   0.0
        D:3 |      29 |       0 |   0.0 |      10 |       0 |   0.0
            +---------+---------+-------+---------+---------+-------
